[Event "4NCL Hull GM 2021"]
[Site "Hull"]
[Date "2021.10.31"]
[Round "9.4"]
[White "Jackson, James P"]
[Black "Wadsworth, Matthew J"]
[Result "1/2-1/2"]
[ECO "B48"]
[WhiteElo "2386"]
[BlackElo "2425"]
[Annotator "ChessBase"]
[PlyCount "86"]
[EventDate "2021.10.20"]
[EventType "tourn"]
[EventCountry "ENG"]
[SourceTitle "playchess.com"]
[Source "ChessBase"]
[SourceQuality "1"]
[TimeControl "5400+30"]

1. e4 c5 2. Nf3 e6 3. d4 cxd4 4. Nxd4 Nc6 5. Nc3 Qc7 6. Be3 a6 7. g4 b5 8. Nxc6 Qxc6 9. Qd2 Nf6 10. f3 Bb7 11. g5 Nh5 12. Ne2 Rc8 13. O-O-O Bb4 14. c3 Be7 15. Kb1 d5 16. Nd4 Qc7 17. e5 g6 18. f4 Ng7 19. Bd3 Bc6 20. h4 Qb7 21. h5 Nxh5 22. f5 Bd7 23. f6 Bf8 24. Rxh5 gxh5 25. Qe2 Qb8 26. Bf4 b4 27. c4 Bc5 28. Nb3 dxc4 29. Bxc4 Bb5 30. Bxb5+ axb5 31. Rc1 Ba7 32. Rxc8+ Qxc8 33. Qxb5+ Qd7 34. Qxb4 h4 35. Nd2 h3 36. Qa3 h2 37. Bxh2 h6 38. Bf4 hxg5 39. Ne4 Bb8 40. Bc1 Bxe5 41. Qa8+ Qd8 42. Qc6+ Qd7 43. Qa8+ Qd8 1/2-1/2